 Dungeon Crawl Stone Soup version 0.29.1-2-gbd0b4ee654 (webtiles) character file.

Game seed: 1107370337358119229

961 Icepheonix32 the Covered (level 7, -1/64 HPs)
             Began as a Minotaur Fighter on Nov 2, 2022.
             Was an Initiate of Dithmenos.
             Slain by a hound (6 damage)
             ... on level 5 of the Dungeon.
             The game lasted 00:04:23 (4284 turns).

Icepheonix32 the Covered (Minotaur Fighter)         Turns: 4284, Time: 00:04:24

Health: -1/64      AC:  0    Str: 19 (21) XL:     7   Next: 92%
Magic:  6/6        EV: 10    Int:  8 (9)  God:    Dithmenos [......]
Gold:   177        SH:  4    Dex:  8 (9)  Spells: 6/6 levels left

rFire   . . .      SeeInvis .   w - +9 dagger of Gallantry {drain, Int+2}
rCold   . . .      Faith    .   c - +0 buckler
rNeg    . . .      Spirit   .   b - +0 scale mail
rPois   .          Reflect  .   (helmet restricted)
rElec   .          Harm     .   (no cloak)
rCorr   .          Rampage  .   (no gloves)
Will    +....                   (no boots)
Stlth   ..........              (no amulet)
HPRegen 0.20/turn               q - ring of willpower
MPRegen 0.10/turn               (no ring)

@: about to teleport, corroded, studying Shields
A: horns 2, retaliatory headbutt
a: Renounce Religion


You were on level 5 of the Dungeon.
You worshipped Dithmenos.
Dithmenos was noncommittal.
You visited 2 branches of the dungeon, and saw 6 of its levels.

You collected 177 gold pieces.

Inventory:

Hand Weapons
 a - a +0 war axe
 i - a +2 vorpal falchion
 o - a +3 whip
 w - the +9 dagger of Gallantry (weapon) {drain, Int+2}
   (You found it on level 3 of the Dungeon)

   A truly terrible weapon, it drains the life of any living foe it strikes.
   Int:       It affects your intelligence (+2).
Armour
 b - a +0 scale mail (worn)
 c - a +0 buckler (worn)
Magical Staves
 x - a staff of fire
Jewellery
 p - a ring of fire
 q - a ring of willpower (left hand)
 y - a ring of magical power
Scrolls
 d - 2 scrolls of noise {unknown}
 e - a scroll of teleportation
 f - a scroll of enchant armour {unknown}
 h - a scroll of enchant weapon
 j - a scroll of immolation {unknown}
Potions
 g - 2 potions of haste {unknown}
 k - 4 potions of degeneration
 l - 2 potions of mutation {unknown}
 n - 3 potions of curing {unknown}
 r - 3 potions of invisibility
 s - 3 potions of brilliance {unknown}
 t - 2 potions of ambrosia {unknown}
 v - 2 potions of flight {unknown}


   Skills:
 * Level 6.7 Fighting
 + Level 1.9(2.6) Short Blades
 + Level 3.0(3.3) Long Blades
 - Level 2.5(2.8) Axes
 - Level 1.6(2.3) Maces & Flails
 + Level 7.2 Armour
 * Level 2.5 Dodging
 + Level 1.0 Stealth
 + Level 5.1 Shields


You had 6 spell levels left.
You didn't know any spells.
Your spell library contained the following spells:

 Spells                   Type           Power      Damage    Failure   Level
 Necrotise                Necr           0%         1d4       83%         1
 Summon Small Mammal      Summ           0%         N/A       83%         1
 Ensorcelled Hibernation  Hex/Ice        0%         N/A       92%         2
 Call Canine Familiar     Summ           0%         N/A       99%         3
 Spider Form              Tmut/Pois      0%         N/A       99%         3
 Summon Guardian Golem    Hex/Summ       0%         N/A       99%         3
 Vampiric Draining        Necr           0%         2d6       99%         3
 Anguish                  Hex/Necr       0%         N/A       100%        4
 Agony                    Necr           0%         N/A       100%        5


Dungeon Overview and Level Annotations

Branches:
Dungeon (5/15)             Temple (1/1) D:4

Altars:
Ashenzari
Dithmenos
Fedhas
Gozag
Hepliaklqana
Kikubaaqudgha
Makhleb
Okawaru
Qazlal
Sif Muna
Trog
Uskayaw
Vehumet
Yredelemnul
The Shining One

Shops:
D:5 :

Annotations:
Temple 2 transporters


Innate Abilities, Weirdness & Mutations

You have a pair of horns on your head.
You reflexively headbutt those who attack you in melee.


Message History

You are too injured to fight recklessly!
A jelly is nearby!
Unknown command.
You hit the jelly.
You kill the jelly!
Dithmenos accepts your kill.
A gnoll comes into view. It is wielding a +0 club.
The hound closely misses you. The hound barely misses you.
Found a stone staircase leading up.
The hound bites you.
You hit the hound but do no damage. The hound bites you.
You block the hound's attack.
You barely miss the hound. The hound bites you.
A gnoll comes into view. It is wielding a +0 club.
The gnoll shouts!
You hit the hound but do no damage. The hound closely misses you.
The hound bites you.
* * * LOW HITPOINT WARNING * * *
The hound bites you.
* * * LOW HITPOINT WARNING * * *
The hound attacks as you move away! The hound closely misses you.
The gnoll attacks as you move away! You block the gnoll's attack.
The hound bites you.
* * * LOW HITPOINT WARNING * * *
As you read the scroll of teleportation, it crumbles to dust.
You feel strangely unstable. The hound bites you.
* * * LOW HITPOINT WARNING * * *
A gnoll comes into view. It is wielding a +0 spear.
Unknown command.
The hound closely misses you.
You barely miss the hound. Your headbutt misses the hound. The hound bites you.
* * * LOW HITPOINT WARNING * * *
Unknown command.
It was a potion of degeneration.
There was something very wrong with that liquid.
You feel weakened.
You feel dopey.
You feel clumsy. The hound bites you.
* * * LOW HITPOINT WARNING * * *
A gnoll comes into view. It is wielding a +0 halberd.
The hound bites you.
You die...

#........ #.......<
#.......# #.......'
#.......## #..>.....
#....g..#### ......g..h@#.#
#..g....#g.#.#
#.......#..#.#.#.#
#.......##.#.#.#....#......
##########.#.#.#...........
#.#.#.#.##......(.
#######.#.#.#.##........
..........#.#.##........
.#######..#.#.##........


You could see a hound and 4 gnolls.

Vanquished Creatures
  Sigmund (D:3)
  A water moccasin (D:5)
  3 necrophages
  A hound (D:4)
  2 jellies
  2 orc priests
  Terence (D:3)
  Natasha (thrice) (D:3)
  10 gnolls
  7 adders
  A worm (D:2)
  4 dart slugs
  6 orcs
  9 endoplasms
  4 giant cockroaches
  8 hobgoblins
  2 jackals (D:2)
  8 kobolds
  4 quokkas
  8 ball pythons
  7 bats
  10 frilled lizards
  5 goblins
  6 rats
113 creatures vanquished.

Notes
Turn   | Place    | Note
-------+----------+-------------------------------------------
     0 | D:1      | Icepheonix32 the Minotaur Fighter began the quest for the
                  | Orb.
     0 | D:1      | Reached XP level 1. HP: 19/19 MP: 0/0
   160 | D:1      | Reached XP level 2. HP: 27/27 MP: 1/1
   270 | D:1      | Reached skill level 4 in Armour
   438 | D:1      | Reached XP level 3. HP: 33/33 MP: 2/2
   700 | D:2      | Found a basalt altar of Yredelemnul.
   924 | D:2      | Found a faded altar of an unknown god.
   943 | D:2      | Reached skill level 1 in Long Blades
  1256 | D:2      | Reached XP level 4. HP: 41/41 MP: 3/3
  1653 | D:3      | Noticed Sigmund
  1665 | D:3      | Killed Sigmund
  1666 | D:3      | Reached skill level 5 in Fighting
  1666 | D:3      | Reached skill level 1 in Maces & Flails
  1666 | D:3      | Reached skill level 5 in Armour
  1666 | D:3      | Reached XP level 5. HP: 32/48 MP: 4/4
  1667 | D:3      | Reached XP level 6. HP: 36/56 MP: 5/5
  1855 | D:3      | Noticed Terence
  1866 | D:3      | Killed Terence
  1875 | D:3      | Identified the +9 dagger of Gallantry {drain, Int+2}
  2212 | D:3      | Reached skill level 1 in Dodging
  2260 | D:3      | Found an opulent altar of Gozag.
  2314 | D:3      | Noticed Natasha
  2317 | D:3      | Killed Natasha
  2418 | D:3      | Noticed Natasha
  2432 | D:3      | Killed Natasha
  2644 | D:3      | Noticed Natasha
  2651 | D:3      | Killed Natasha
  2705 | D:4      | Reached skill level 6 in Armour
  2787 | D:4      | Reached XP level 7. HP: 58/63 MP: 6/6
  2848 | D:4      | Found a glowing golden altar of the Shining One.
  2878 | D:4      | Reached skill level 1 in Short Blades
  2929 | D:4      | Found a staircase to the Ecumenical Temple.
  2939 | Temple   | Entered the Ecumenical Temple
  2939 | Temple   | Found a transporter.
  2939 | Temple   | Found a transporter.
  2941 | Temple   | Found a transporter.
  2941 | Temple   | Found a transporter.
  2963 | Temple   | Became a worshipper of Dithmenos the Shadowed
  3438 | D:4      | Found a stormy altar of Qazlal.
  3900 | D:4      | Identified a scroll of acquirement
  3900 | D:4      | Acquired a manual of Shields
  3931 | D:5      | Entered Level 5 of the Dungeon
  3989 | D:5      | Found Juloecseyff's Book Shoppe.
  4021 | D:5      | Reached skill level 5 in Shields
  4209 | D:5      | Reached skill level 7 in Armour
  4209 | D:5      | Reached skill level 1 in Stealth
  4284 | D:5      | Slain by a hound

Illustrated notes

Levels and vault maps discovered:
D:1:      dpeg_arrival_houses_and_road, layout_loops_ring
D:2:      layout_loops_ring, ebering_ecumenical_altar_rust, basic_altar,
          chequers_serial_rivers_micro_b
D:3:      layout_loops_ring, mainiacjoe_overflow_tiny_flanked,
          minmay_fractal_squares_5, uniq_natasha, uniq_sigmund, uniq_terence
D:4:      layout_basic, lemuel_round_altar, pf_just_have_faith,
          minmay_temple_entry_proselytizer
D:5:      layout_basic, nemelex_dance_club_becter, serial_shops,
          nicolae_square_shop
Temple:   hellmonk_temple_divided_pantheon

Skill      XL: |  1  2  3  4  5  6  7 |
---------------+----------------------+-----
Fighting       | 4 5 6 |  6.7
Armour         | 4 5 6 7 |  7.2
Long Blades    | 1 2 3 |  3.0
Maces & Flails | 1 |  1.6
Shields        | 4 5 |  5.1
Dodging        | 1 2 |  2.5
Short Blades   | 1 |  1.9
Stealth        | 1 |  1.0
Axes           | |  2.5

Action                   |  1- 3 |  4- 6 |  7- 9 || total
-------------------------+-------+-------+-------++-------
Melee: War axe           |    19 |       |       ||    19
       Headbutt          |    17 |     9 |    10 ||    36
       Falchion          |    52 |       |       ||    52
       Whip              |    21 |    39 |       ||    60
       Dagger            |       |    48 |    64 ||   112
  Use: Potion            |       |     1 |     1 ||     2
       Scroll            |       |       |     8 ||     8
Armor: Scale mail        |    58 |    24 |    16 ||    98
Dodge: Dodged            |    31 |    39 |    31 ||   101
Block: Buckler           |    20 |    30 |    12 ||    62
